AoeStats
← 虚弱

African Clearing

510969412Analyzed
4v4 RM · 14h ago on Oct 3, 2026· 45m 47s· 8 players
Game mode
Random Map
Map size
Large (8 player)
Population
200
Speed
Normal
Resources
Standard
Victory
Conquest
Starting age
Dark Age
Ending age
Imperial Age
RankedLock teamsTeams togetherTeam positionsShared explorationLock speedFull tech treeHidden civsTurbo modeCheats
Victory
Defeat
🇦🇺 Burgundians · Australia
1564
+14
🇹🇷 Malians · Türkiye
1499
+16
🇺🇸 Slavs · United States
1494
+17
🇺🇸 Inca · United States
1457
+18
🇨🇳 Magyars · China
1589
-19
🇨🇳 Varangians · China
1568
-19
🇨🇳 Teutons · China
1522
-17
🇨🇳 Jurchens · China
1349
-10
Eat_Rice
10:24 Loom
13:06 Feudal Age
17:17 Castle Age
15:56 Double-Bit Axe
25:03 Bow Saw
29:22 Stone Mining
31:54 Wheelbarrow
31:28 Gold Mining
31:30 Horse Collar
35:04 Scale Mail Armor
38:44 Imperial Age
36:46 Forging
37:08 Chain Mail Armor
38:58 Iron Casting
38:50 Hand Cart
38:49 Heavy Plow
39:25 Gold Shaft Mining
39:18 Elite Kamayuk
41:00 Conscription
41:26 Plate Mail Armor
42:18 Blast Furnace
45:17 Fabric Shields
Scheiße
12:47 Feudal Age
16:46 Castle Age
15:59 Double-Bit Axe
15:55 Horse Collar
16:33 Scale Mail Armor
20:36 Loom
30:02 Chain Mail Armor
36:22 Bow Saw
39:39 Wheelbarrow
45:49 Imperial Age
45:23 Forging
45:47 Hand Cart
Darth Yoda
5:24 Loom
13:16 Feudal Age
13:51 Double-Bit Axe
13:47 Horse Collar
21:40 Castle Age
19:38 Gold Mining
22:40 Bow Saw
23:55 Wheelbarrow
25:36 Heavy Plow
27:57 Husbandry
29:44 Bloodlines
29:45 Fletching
33:46 Scale Barding Armor
34:41 Hand Cart
36:33 Chain Barding Armor
36:50 Forging
39:20 Gold Shaft Mining
42:02 Imperial Age
40:20 Iron Casting
39:57 Town Watch
42:21 Elite Boyar
43:38 Plate Barding Armor
44:48 Blast Furnace
44:10 Conscription
ResonanceFreq
6:47 Double-Bit Axe
13:53 Feudal Age
14:43 Town Watch
18:27 Castle Age
16:23 Fishing Lines
17:23 Bow Saw
17:33 Gillnets
18:56 Loom
21:48 Wheelbarrow
22:00 Horse Collar
27:16 Scale Barding Armor
29:37 Husbandry
31:22 Forging
31:37 Chain Barding Armor
33:25 Gold Mining
33:36 Heavy Plow
34:04 Forging
35:11 Gold Shaft Mining
37:53 Imperial Age
35:41 Hand Cart
36:28 Crop Rotation
37:00 Iron Casting
36:56 Stone Mining
37:12 Burgundian Vineyards
37:59 Elite Coustillier
39:31 Plate Barding Armor
39:33 Conscription
40:15 Blast Furnace
39:31 Burgundian Vineyards
42:14 Two-Man Saw
41:10 Fletching
42:27 Bodkin Arrow
42:55 Ballistics
42:46 Masonry
42:33 Murder Holes
44:24 Stone Shaft Mining
虚弱
9:14 Loom
11:24 Feudal Age
12:49 Double-Bit Axe
14:09 Bloodlines
16:12 Town Watch
16:23 Horse Collar
17:33 Scale Barding Armor
18:08 Forging
20:26 Wheelbarrow
23:24 Castle Age
23:30 Light Cavalry
24:10 Husbandry
24:24 Bow Saw
25:05 Heavy Plow
25:40 Chain Barding Armor
27:17 Iron Casting
37:56 Fletching
43:35 Bodkin Arrow
44:03 Ballistics
43:24 Treadmill Crane
那是你们
9:13 Loom
12:02 Feudal Age
12:31 Double-Bit Axe
14:14 Scale Barding Armor
18:34 Bloodlines
24:21 Castle Age
23:10 Fletching
23:32 Padded Archer Armor
25:02 Bodkin Arrow
25:16 Husbandry
28:55 Gold Mining
29:48 Wheelbarrow
30:29 Leather Archer Armor
36:35 Thumb Ring
37:54 Gold Shaft Mining
37:44 Bow Saw
41:55 Ballistics
晚辞
4:40 Loom
13:46 Feudal Age
17:29 Castle Age
15:45 Double-Bit Axe
16:05 Horse Collar
18:31 Bow Saw
28:52 Gold Mining
35:28 Heavy Plow
38:21 Imperial Age
36:26 Scale Barding Armor
37:14 Wheelbarrow
36:25 Town Watch
37:20 Bloodlines
38:26 Fortified Wall
38:38 Town Patrol
39:07 Forging
39:21 Chain Barding Armor
40:02 Hand Cart
40:27 Iron Casting
40:25 Conscription
40:09 Cavalier
41:51 Paladin
43:07 Plate Barding Armor
肥肠拌面
3:01 Loom
13:08 Feudal Age
18:44 Castle Age
17:18 Horse Collar
17:26 Double-Bit Axe
18:05 Gold Mining
18:09 Stone Mining
21:35 Bow Saw
24:45 Heavy Plow
25:34 Wheelbarrow
28:06 Gold Mining
29:11 Hand Cart
34:07 Imperial Age
33:08 Gold Shaft Mining
33:09 Stone Shaft Mining
33:43 Scale Barding Armor
33:48 Forging
34:49 Chain Barding Armor
34:12 Elite Iron Pagoda
36:16 Guilds
37:03 Plate Barding Armor
41:21 Iron Casting
41:56 Husbandry
42:06 Bloodlines
42:53 Conscription
42:37 Fortified Bastions
42:31 Elite Steppe Lancer
Connection lost

Rejoining the realm…

Still unreachable

The connection could not be restored.

Session expired

The server has moved on; the page needs a fresh start.